 Dungeon Crawl Stone Soup version 0.29.0-4-gdea44cf6ec (webtiles) character file.

Game seed: 6388753043499355933

51 qw the Chopper (level 3, 0/21 HPs)
             Began as a Tengu Warper on Aug 28, 2022.
             Succumbed to an adder's poison
             ... on level 2 of the Dungeon.
             The game lasted 00:00:07 (1861 turns).

qw the Chopper (Tengu Warper)                       Turns: 1861, Time: 00:00:08

Health: 0/21       AC:  6    Str: 13    XL:     3   Next: 83%
Magic:  7/7        EV:  9    Int: 13    God:
Gold:   52         SH:  0    Dex: 13    Spells: 6/6 levels left

rFire   . . .      SeeInvis .   Y - +0 hand axe
rCold   . . .      Faith    .   (no shield)
rNeg    . . .      Spirit   .   f - +0 scale mail
rPois   .          Reflect  .   (helmet restricted)
rElec   .          Harm     .   (no cloak)
rCorr   .          Rampage  .   (no gloves)
Will    .....                   (boots unavailable)
Stlth   ..........              (no amulet)
HPRegen 0.07/turn               (no ring)
MPRegen 0.10/turn               (no ring)

@: lethally poisoned (0 -> -6)
A: beak, talons 3
a: no special abilities


You were on level 2 of the Dungeon.
You visited 1 branch of the dungeon, and saw 2 of its levels.

You collected 52 gold pieces.


Innate Abilities, Weirdness & Mutations

You have a beak for a mouth.
You have claws for feet.


   Skills:
 - Level 2.0 Fighting
 + Level 4.4 Axes
 - Level 1.0 Throwing
 - Level 1.1 Armour
 - Level 2.1 Dodging
 - Level 2.0 Spellcasting
 - Level 2.4 Translocations


You had 6 spell levels left.
You didn't know any spells.
Your spell library contained the following spells:

 Spells                   Type           Power      Damage    Failure   Level
 Blink                    Tloc           14%        N/A       56%         2
 Gell's Gravitas          Tloc           7%         N/A       80%         3
 Lesser Beckoning         Tloc           7%         N/A       80%         3
 Teleport Other           Tloc           7%         N/A       80%         3
 Manifold Assault         Tloc           7%         N/A       100%        5

Inventory:

Hand Weapons
 i - a +1 whip of electrocution
 Y - a +0 hand axe (weapon)
Armour
 f - a +0 scale mail (worn)
Scrolls
 g - a scroll of identify
Potions
 a - a potion of berserk rage {unknown}
 b - a potion of might {unknown}
 c - a potion of attraction {unknown}
 h - a potion of lignification {unknown}

Dungeon Overview and Level Annotations

Branches:
Dungeon (2/15)

Altars:


Message History

The adder closely misses you. The adder bites you.
You hit the adder.
The adder is moderately wounded.
The adder bites you.
You closely miss the adder. Your peck misses the adder.
The adder is moderately wounded.
The adder bites you.
You closely miss the adder.
The adder is moderately wounded.
The adder barely misses you. The adder bites you.
You barely miss the adder. Your kick misses the adder.
The adder is moderately wounded.
The adder bites you but does no damage.
You closely miss the adder. Your kick misses the adder.
Your peck misses the adder.
The adder is moderately wounded.
The adder barely misses you. The adder bites you but does no damage.
You miss the adder. Your kick misses the adder.
The adder is moderately wounded.
The adder bites you.
You are poisoned.
The adder poisons you!
You completely miss the adder.
The adder is moderately wounded.
You feel sick. The adder bites you. The adder bites you but does no damage.
You closely miss the adder. You peck the adder.
The adder is moderately wounded.
You feel sick. The adder bites you but does no damage.
You closely miss the adder. Your kick misses the adder.
The adder is moderately wounded.
You feel sick. The adder bites you.
You are lethally poisoned!
The adder poisons you!
You hit the adder. You claw the adder. You peck the adder.
You kill the adder!
You feel sick.
There is a lethal amount of poison in your body!
You feel sick.
There is a lethal amount of poison in your body!
You die...

####..#.#
#..#.## ##....#
#.#).# ######
#.#..# .....#
#.#..# ####.#
#.#..#
#.########....#
#..........##@#
##########.##%#
####### #.##.#
......# #.##.#
#####.# #.##.#
#<#######.##.#
#
#..........#.#
#
#######.#....#
#


There were no monsters in sight!

Vanquished Creatures
  An adder (D:2)
  A worm (D:2)
  2 dart slugs (D:1)
  5 bats
  2 endoplasms (D:1)
  2 giant cockroaches (D:1)
  3 hobgoblins (D:1)
  A quokka (D:1)
  4 ball pythons (D:1)
  4 goblins (D:1)
  5 kobolds
  A rat (D:2)
31 creatures vanquished.

Vanquished Creatures (others)
  4 withered plants (D:1)
4 creatures vanquished.

Grand Total: 35 creatures vanquished

Notes
Turn   | Place    | Note
-------+----------+-------------------------------------------
     0 | D:1      | qw the Tengu Warper began the quest for the Orb.
     0 | D:1      | Reached XP level 1. HP: 12/12 MP: 4/4
     0 | D:1      | 0 ||| qw: Version: 0.1-a-89-g26bdef1
     0 | D:1      | 0 ||| qw: Game counter: 3164
     0 | D:1      | 0 ||| qw: Always use a shield: true
     0 | D:1      | 0 ||| qw: God list: Okawaru
     0 | D:1      | 0 ||| qw: Allow faded altars: false
     0 | D:1      | 0 ||| qw: Do Orc after D:15 true
     0 | D:1      | 0 ||| qw: Do second Lair branch before Depths: true
     0 | D:1      | 0 ||| qw: Lair rune preference: random
     0 | D:1      | 0 ||| qw: Plans: Normal
     0 | D:1      | 0 ||| PLANNING D:1-11
    58 | D:1      | 58 ||| Stepping ~*~*~tactically~*~*~ (stealth).
   289 | D:1      | Reached skill level 3 in Axes
   289 | D:1      | Reached XP level 2. HP: 10/17 MP: 6/6
   876 | D:1      | 876 ||| Stepping ~*~*~tactically~*~*~ (stealth).
   878 | D:1      | 878 ||| Stepping ~*~*~tactically~*~*~ (stealth).
   968 | D:1      | Reached XP level 3. HP: 17/21 MP: 7/7
  1087 | D:1      | Found a faded altar of an unknown god.
  1094 | D:1      | 1094 ||| Stepping ~*~*~tactically~*~*~ (hiding).
  1197 | D:1      | 1197 ||| Stepping ~*~*~tactically~*~*~ (hiding).
  1378 | D:1      | Reached skill level 4 in Axes
  1549 | D:1      | 1549 ||| DROPPING +0 club.
  1567 | D:1      | 1567 ||| UPGRADING to +0 scale mail.
  1577 | D:1      | 1577 ||| DROPPING +0 leather armour.
  1578 | D:1      | 1578 ||| READING scroll labelled KEMMEBLU FUERE.
  1579 | D:1      | 1579 ||| READING 2 scrolls labelled QAULACA ASEB.
  1580 | D:1      | 1580 ||| DROPPING scroll of blinking.
  1858 | D:2      | HP: 5/21 [poisoned by an adder]
  1860 | D:2      | HP: 2/21 [poisoned by an adder]
  1861 | D:2      | Succumbed to an adder's poison

Levels and vault maps discovered:
D:1:      ncdulo_watergridlock, layout_basic, ebering_ecumenical_altar_petrified
D:2:      layout_loops_ring

Skill      XL: |  1  2  3 |
---------------+----------+-----
Axes           | 3 4 |  4.4
Fighting       | |  2.0
Throwing       | |  1.0
Armour         | |  1.1
Dodging        | |  2.1
Spellcasting   | |  2.0
Translocations | |  2.4

Action                   || total
-------------------------++-------
Melee: Hand axe          ||    66
       Peck              ||    13
       Kick              ||    12
Throw: Boomerang         ||     7
  Use: Scroll            ||     2
Armor: Leather armour    ||    11
       Scale mail        ||     5
Dodge: Dodged            ||    25

Table legend:
 A = Non-vault XP
 B = Vault XP
 C = Vault XP percentage of total XP
 D = Non-vault monster count
 E = Vault monster count
 F = Vault count percentage of total count
                 A         B        C        D         E       F
            +---------+---------+-------+---------+---------+-------
      Total |      74 |       0 |   0.0 |      31 |       0 |   0.0
            +---------+---------+-------+---------+---------+-------
        D:1 |      50 |       0 |   0.0 |      25 |       0 |   0.0
        D:2 |      24 |       0 |   0.0 |       6 |       0 |   0.0
            +---------+---------+-------+---------+---------+-------
